 Dungeon Crawl Stone Soup version 0.31-a0-214-gb37851dbb3 (webtiles) character file.

Game seed: 2302627158727026462

112 qw the Shooter (level 4, -1/37 HPs)
             Began as a Minotaur Hexslinger on July 1, 2023.
             Slain by Robin
             ... wielding a +0 club
              (2 damage)
             ... on level 2 of the Dungeon.
             The game lasted 00:00:37 (1438 turns).

qw the Shooter (Minotaur Hexslinger)                Turns: 1438, Time: 00:00:38

Health: -1/37      AC:  3    Str: 13    XL:     4   Next: 63%
Magic:  4/4        EV: 12    Int: 10    God:
Gold:   86         SH:  0    Dex: 14    Spells: 4/5 levels left

rFire   . . .        Y - +1 sling
rCold   . . .        (no shield)
rNeg    . . .        g - +0 leather armour
rPois   .            (helmet restricted)
rElec   .            (no cloak)
rCorr   .            (no gloves)
SInv    .            (no boots)
Will    .....        (no amulet)
Stlth   +            (no ring)
HPRegen 0.26/turn    (no ring)
MPRegen 0.09/turn

%: no passive effects
@: no status effects
A: horns 2, retaliatory headbutt
a: no special abilities


You were on level 2 of the Dungeon.
You visited 1 branch of the dungeon, and saw 2 of its levels.

You collected 86 gold pieces.


Innate Abilities, Weirdness & Mutations

You have a pair of horns on your head.
You reflexively headbutt those who attack you in melee.


   Skills:
 + Level 2.5 Fighting
 - Level 5.0 Ranged Weapons
 - Level 2.1 Dodging
 - Level 1.0 Spellcasting
 - Level 2.0 Hexes


You had 4 spell levels left.
You knew the following spells:

 Your Spells              Type           Power      Damage    Failure   Level
a - Slow                  Hex            16%        N/A       19%         1

Your spell library contained the following spells:

 Spells                   Type           Power      Damage    Failure   Level
 Inner Flame              Hex/Fire       2%         N/A       65%         3
 Portal Projectile        Hex/Tloc       4%         N/A       65%         3
 Cause Fear               Hex            2%         N/A       88%         4

Inventory:

Hand Weapons
 Y - a +1 sling (weapon)
Armour
 g - a +0 leather armour (worn)
Scrolls
 a - a scroll of blinking {unknown}

Dungeon Overview and Level Annotations

Branches:
Dungeon (2/15)

Altars:

Shops:
D:1 ?

Annotations:
D:2 Robin


Message History

The bat hits you. The goblin hits you with a +0 club.
Robin throws the goblin at you! The goblin hits you with a +0 club.
You shoot a sling bullet. The sling bullet hits the hobgoblin.
You kill the hobgoblin!
The bat hits you but does no damage. The bat misses you.
The goblin closely misses you. You furiously retaliate!
You headbutt the goblin, but do no damage.
The goblin hits you with a +0 club. The goblin hits you but does no damage.
You shoot a sling bullet.
The sling bullet closely misses the goblin.
The bat misses you. The goblin hits you with a +0 club.
The goblin completely misses you. You furiously retaliate!
You headbutt the goblin!
You kill the goblin!
The goblin hits you with a +0 club.
You shoot a sling bullet. The sling bullet hits the hobgoblin!
You kill the hobgoblin!
The bat misses you. The goblin misses you. You furiously retaliate!
You headbutt the goblin!
You kill the goblin!
The goblin barely misses you. x2
You shoot a sling bullet.
The sling bullet closely misses the goblin.
The bat hits you. The hobgoblin barely misses you.
The goblin closely misses you. You furiously retaliate!
You headbutt the goblin.
You kill the goblin!
The goblin barely misses you. The goblin closely misses you.
You furiously retaliate!
You headbutt the goblin.
You kill the goblin!
The goblin closely misses you.
The hobgoblin hits you but does no damage.
You shoot a sling bullet. The sling bullet hits Robin.
Robin is lightly wounded.
The hobgoblin barely misses you. Robin hits you with a +0 club.
The goblin misses you. You furiously retaliate!
You headbutt the goblin. You shoot a sling bullet.
The sling bullet hits the goblin!
You kill the goblin!
The hobgoblin no longer looks unusually strong.
The bat hits you. Robin hits you with a +0 club.
You die...

.. #...........>...
####................
#####...................
........ ...............
......# ...............
.#....# #......b......#
......#####....gg).!..#
<#)##....# #@#
#..##..#.# #)#
..####.#.# #.# .## #...#
#%# .# ##..### #.# ##
##...#####:# #
#.........# #
#.........# #
#.........#


You could see Robin, a hobgoblin and a bat.

Vanquished Creatures
  4 gnolls (D:2)
  An adder (D:2)
  A worm (D:2)
  2 dart slugs
  4 ball pythons (D:1)
  A bat (D:1)
  4 endoplasms (D:1)
  2 giant cockroaches
  10 goblins
  9 hobgoblins
  5 jackals (D:1)
  A quokka (D:1)
  2 frilled lizards
  2 kobolds (D:1)
  3 rats
  A spectral goblin (D:1)
52 creatures vanquished.

Notes
Turn   | Place    | Note
-------+----------+-------------------------------------------
     0 | D:1      | qw the Minotaur Hexslinger began the quest for the Orb.
     0 | D:1      | Reached XP level 1. HP: 16/16 MP: 1/1
     0 | D:1      | 0 ||| qw: Version: 0.3-a-32-g5962c71
     0 | D:1      | 0 ||| qw: Game counter: 7457
     0 | D:1      | 0 ||| qw: Melee chars always use a shield: true
     0 | D:1      | 0 ||| qw: God list: Okawaru
     0 | D:1      | 0 ||| qw: Allow faded altars: false
     0 | D:1      | 0 ||| qw: Do Orc after clearing Dungeon:15 true
     0 | D:1      | 0 ||| qw: Do second Lair branch before Depths: true
     0 | D:1      | 0 ||| qw: Lair rune preference: random
     0 | D:1      | 0 ||| qw: Goals: Normal
     0 | D:1      | 0 ||| PLANNING D:1-11
    36 | D:1      | Found Giulaw's Magic Scroll Shop.
    40 | D:1      | 40 ||| SHOPLISTING scroll of brand weapon (133 gold, have
                  | 11).
    40 | D:1      | 40 ||| SHOPLISTING scroll of enchant weapon (105 gold, have
                  | 11).
    40 | D:1      | 40 ||| SHOPLISTING scroll of identify (28 gold, have 11).
    40 | D:1      | 40 ||| SHOPLISTING scroll of teleportation (42 gold, have
                  | 11).
   128 | D:1      | Reached skill level 3 in Ranged Weapons
   128 | D:1      | Reached XP level 2. HP: 9/23 MP: 2/2
   358 | D:1      | Found a faded altar of an unknown god.
   360 | D:1      | 360 ||| Stepping ~*~*~tactically~*~*~ (water).
   718 | D:1      | Reached XP level 3. HP: 29/29 MP: 3/3
  1045 | D:1      | 1045 ||| UPGRADING to +0 leather armour.
  1055 | D:1      | 1055 ||| DROPPING +0 robe.
  1056 | D:1      | 1056 ||| READING 2 scrolls labelled SECVOM QYV FOI.
  1108 | D:1      | 1108 ||| READING scroll labelled QAWEACWAED.
  1109 | D:1      | 1109 ||| READING scroll labelled DIPLIG BIALEHE.
  1112 | D:1      | 1112 ||| DROPPING scroll of torment.
  1113 | D:1      | 1113 ||| DROPPING scroll of poison.
  1167 | D:2      | Reached skill level 4 in Ranged Weapons
  1174 | D:2      | HP: 3/29 [gnoll/+0 club (7)]
  1177 | D:2      | Reached XP level 4. HP: 5/36 MP: 4/4
  1179 | D:2      | HP: 1/36 [gnoll/+0 halberd (5)]
  1417 | D:2      | Reached skill level 5 in Ranged Weapons
  1426 | D:2      | Noticed Robin
  1434 | D:2      | HP: 8/36 [goblin/+0 club[Robin] (3)]
  1437 | D:2      | HP: 1/37 [Robin/+0 club (3)]
  1438 | D:2      | Slain by Robin

Levels and vault maps discovered:
D:1:      dpeg_arrival_round_b, layout_basic, serial_shops, shop,
          dreamdust_ecumenical_altar_drowned_temple
D:2:      layout_rooms, basic_altar, palyth_stone_intersect, uniq_robin

Skill      XL: |  1  2  3  4 |
---------------+-------------+-----
Ranged Weapons | 3 4 5 |  5.0
Fighting       | 2 |  2.5
Dodging        | |  2.1
Spellcasting   | |  1.0
Hexes          | |  2.0

Action                     |  1- 3 |  4- 6 || total
---------------------------+-------+-------++-------
   Fire: Sling             |   139 |    40 ||   179
    Use: Scroll            |     3 |       ||     3
 Armour: Robe              |     7 |       ||     7
         Leather armour    |     2 |    10 ||    12
  Dodge: Dodged            |    42 |    34 ||    76

Table legend:
 A = Non-vault XP
 B = Vault XP
 C = Vault XP percentage of total XP
 D = Non-vault monster count
 E = Vault monster count
 F = Vault count percentage of total count
                 A         B        C        D         E       F
            +---------+---------+-------+---------+---------+-------
      Total |     144 |      18 |  11.1 |      42 |      10 |  19.2
            +---------+---------+-------+---------+---------+-------
        D:1 |      54 |       1 |   1.8 |      28 |       1 |   3.4
        D:2 |      90 |      17 |  15.9 |      14 |       9 |  39.1
            +---------+---------+-------+---------+---------+-------
